 Dungeon Sprint DCSS version 0.16.2-12-gd0ad4c3 (webtiles) character file.

2550 musteatbrain the Severer (level 12, -18/110 HPs)
             Began as a Demonspawn Berserker on Oct 15, 2015.
             Was a High Priest of Trog.
             Blown up by an orb spider (47 damage)
             ... with an orb of destruction
             ... in the Dungeon (Sprint VI: "Thunderdome").
             The game lasted 00:26:58 (2113 turns).

musteatbrain the Severer (Demonspawn Berserker)     Turns: 2113, Time: 00:26:58

Health: -18/110    AC: 16    Str: 38    XL:     12   Next: 48%
Magic:  0/7        EV: 15    Int: 14    God:    Trog [*****.]
Gold:   173        SH:  0    Dex: 27    Spells: 0 memorised, 11 levels left

rFire  + + .     SeeInvis .     t - +4 battleaxe (antimagic)
rCold  + + .     Clarity  .     r - +0 gold dragon armour
rNeg   . . .     SustAb   .     (no shield)
rPois  +         Gourm    .     (helmet restricted)
rElec  +         Spirit   +     c - +1 cloak of the Cockroach {rPois rC+ MP+9 Str+2 Int-2}
rCorr  .         Warding  .     (no gloves)
rMut   .         NoTele   +     j - -1 pair of boots of Day {Str+6} (curse)
MR     +++..                    p - amulet "Funwy" {Spirit rPois rF++ Dex+4}
Stlth  ..........               o - ring "Qychos" {rF- rC- MR+ Str+6 Dex+3 Stlth-}
                                n - ring of Yguhalu {rElec rPois Int+3 Dex+4}

@: mighty, regenerating, extremely resistant to hostile enchantments, extremely
unstealthy
A: horns 1, thin metallic scales 2, clever 2, cold resistance 1, deformed body,
poison resistance, powered by pain 1, spit poison 1, magic shield, MP-powered
wands 1
a: Spit Poison, Burn Spellbooks, Berserk, Trog's Hand, Brothers in Arms,
Renounce Religion
}: 2/15 runes: serpentine, barnacled


You were in the Dungeon.
You worshipped Trog.
Trog was extremely pleased with you.
You were hungry.

You visited 1 branch You collected 2700 gold pieces.
You spent 2527 gold pieces at shops.

Inventory:

Hand weapons
 t - a +4 antimagic battleaxe (weapon)
Armour
 b - a +0 animal skin
 c - the +1 cloak of the Cockroach (worn) {rPois rC+ MP+9 Str+2 Int-2}
   (You found it in the Dungeon)

   It affects your strength (+2).
   It affects your intelligence (-2).
   It protects you from cold.
   It protects you from poison.
   It affects your magic capacity (+9).
 j - the cursed -1 pair of boots of Day (worn) {Str+6}
   (You bought it in a shop in the Dungeon)

   It affects your strength (+6).
   It has a curse placed upon it.
 r - a +0 gold dragon armour (worn)
Jewellery
 n - the ring of Yguhalu (left hand) {rElec rPois Int+3 Dex+4}
   (You bought it in a shop in the Dungeon)

   [ring of intelligence]

   It affects your intelligence (+3).
   It affects your dexterity (+4).
   It insulates you from electricity.
   It protects you from poison.
 o - the ring "Qychos" (right hand) {rF- rC- MR+ Str+6 Dex+3 Stlth-}
   (You bought it in a shop in the Dungeon)

   [ring of loudness]

   It affects your strength (+6).
   It affects your dexterity (+3).
   It makes you vulnerable to fire.
   It makes you vulnerable to cold.
   It affects your resistance to hostile enchantments.
   It makes you less stealthy.
 p - the amulet "Funwy" (around neck) {Spirit rPois rF++ Dex+4}
   (You bought it in a shop in the Dungeon)

   [amulet of guardian spirit]

   It causes incoming damage to be split between your health and magic.
   It affects your dexterity (+4).
   It greatly protects you from fire.
   It protects you from poison.
Magical devices
 d - a wand of slowing (11)
 k - a wand of cold (5)
 l - a wand of fire (5)
Scrolls
 i - 4 scrolls of blinking
 m - 3 scrolls of fog
Potions
 a - a potion of experience
 f - 3 potions of haste
 g - a potion of magic
 q - 9 potions of restore abilities
Miscellaneous
 e - a stone of tremors
Comestibles
 h - 8 royal jellies


   Skills:
 + Level 15.4 Fighting
 * Level 19.2 Axes
 + Level 9.3 Armour
 + Level 9.2 Dodging


You had 11 spell levels left.
You didn't know any spells.

Dungeon Overview and Level Annotations

Branches:
Dungeon (1/1)

Altars:
Cheibriados
Dithmenos
Fedhas
Gozag
Kikubaaqudgha
Makhleb
Okawaru
Qazlal
Ru
Sif Muna
Trog
Vehumet
Xom
Yredelemnul
Zin
The Shining One
Jiyva
Lugonu

Shops:
D [%??*?*:[((!!!!


Innate Abilities, Weirdness & Mutations

You have a pair of small horns on your head.
You are mostly covered in thin metallic scales (AC +3).
You sometimes gain a little power by taking damage.
When hurt, damage is shared between your health and your magic reserves.
Your mind is very acute. (Int +4)
Your flesh is cold resistant.
Armour fits poorly on your strangely shaped body.
Your system is resistant to poisons.
You can spit poison.
You expend magic power (3 MP) to slightly strengthen your wands.


Message History

You hear a shout!
The orb spider weaves a glowing orb of energy.
There is a spawn point here.
You see here an orb spider corpse.
You offer a prayer to Trog.
The orb spider corpse is consumed in a column of flame.
Trog is extremely pleased with you.
Your ogre hits the orb spider with a giant club!
The orb spider weaves a glowing orb of energy.
The orb of destruction hits you!
* * * LOW HITPOINT WARNING * * *
You focus on the pain.
You feel very mighty all of a sudden.
Unknown command.
Your ogre hits the orb spider with a giant club!!
The orb spider dies!
Trog accepts your kill.
Your ogre hits the orb spider with a giant club!
The orb of destruction hits you!
You die...

######.8.........8†######
#)...........§#
###.....O†..###
#_...§s...# #....§..._#
#_..§...._# #∩..§....∩#
##∩.§...∩## ##.@.§.##
##⌠⌠⌠## #####


You could see an orb spider and a friendly ogre (berserk).

Vanquished Creatures
  Ilsuiw (D)
  A naga warrior (D)
  An orc knight (D)
  5 orb spiders (D)
  A faun (D)
  5 ugly things (D)
  An orc sorcerer (D)
  2 manticores (D)
  2 giant leeches (D)
  5 polar bears (D)
  Grinder (D)
  2 fire bats (D)
  A fire elemental (D)
  Eustachio (D)
  2 water elementals (D)
  2 water moccasins (D)
  2 brain worms (D)
  6 vampire bats (D)
  An orc wizard (D)
  2 iron imps (D)
  3 worms (D)
  2 ufetubi (D)
  2 orcs (D)
  4 ball pythons (D)
  A goblin (D)
56 creatures vanquished.

Vanquished Creatures (collateral kills)
  4 ugly things (D)
  5 orb spiders (D)
  A gargoyle (D)
  2 polar bears (D)
  3 boulder beetles (D)
  A giant leech (D)
  2 fire bats (D)
  An earth elemental (D)
  An orc priest (D)
  2 orc wizards (D)
  2 iron imps (D)
24 creatures vanquished.

Vanquished Creatures (others)
  A rust devil (D)
  A two-headed ogre (D)
  3 ogres (D)
5 creatures vanquished.

Grand Total: 85 creatures vanquished

Notes
Turn   | Place    | Note
--------------------------------------------------------------
     0 | D        | musteatbrain, the Demonspawn Berserker, began the quest for the Orb.
     0 | D        | Reached XP level 1. HP: 18/18 MP: 1/1
     1 | D        | Found a blossoming altar of Fedhas.
     1 | D        | Found a burning altar of Makhleb.
     2 | D        | Found a shimmering altar of Xom.
     3 | D        | Found an iron altar of Okawaru.
     3 | D        | Found a deep blue altar of Sif Muna.
     4 | D        | Found Eqaa's Advanced Armour.
     4 | D        | Found Beashewish's Identification Station.
     4 | D        | Found a basalt altar of Yredelemnul.
     4 | D        | Found an opulent altar of Gozag.
     5 | D        | Found a sacrificial altar of Ru.
     5 | D        | Round 1.
     6 | D        | Found Qoall's Jewellery.
     6 | D        | Found Faadaak's Bee Food.
    20 | D        | Bought a heavily runed ivory ring for 45 gold pieces
    20 | D        | Bought a faintly glowing golden ring for 45 gold pieces
    20 | D        | Bought a brightly glowing golden amulet for 45 gold pieces
    20 | D        | Bought a twitching golden ring for 45 gold pieces
    20 | D        | Identified the ring of Yguhalu {rElec rPois Int+3 Dex+4} (You bought it in a shop in the Dungeon)
    21 | D        | Identified the ring "Qychos" {rF- rC- MR+ Str+6 Dex+3 Stlth-} (You bought it in a shop in the Dungeon)
    22 | D        | Identified the amulet of Jawonar {Inacc rF- Dex+6 SInv} (You bought it in a shop in the Dungeon)
    28 | D        | Identified the ring of Benevolence {rElec rPois rF- Stlth+} (You bought it in a shop in the Dungeon)
    54 | D        | Found Ypeqiu's Premium Goods.
    55 | D        | Found Culelan's Miscellaneous Merchandise.
    56 | D        | Found a radiant altar of Vehumet.
    56 | D        | Found a bloodstained altar of Trog.
    57 | D        | Found Moxix's Weapon Rack.
    57 | D        | Found Eziarur's Basic Armour.
    60 | D        | Found a glowing silver altar of Zin.
    61 | D        | Found a stormy altar of Qazlal.
    62 | D        | Found a corrupted altar of Lugonu.
    63 | D        | Found Ucseac's Do-It-Yourself Clinic.
    65 | D        | Found Praochapa's Bottled Wisdom.
    67 | D        | Found a snail-covered altar of Cheibriados.
    68 | D        | Found an ancient bone altar of Kikubaaqudgha.
    69 | D        | Found Starr's Distillery.
    69 | D        | Found Smijiwn's Distillery.
    72 | D        | Found a glowing golden altar of the Shining One.
    75 | D        | Found Stum's Staff Store.
    77 | D        | Found Twos' Must-Have Magic.
    78 | D        | Found a shadowy altar of Dithmenos.
    80 | D        | Acquired Trog's second power
    81 | D        | Found a viscous altar of Jiyva.
    82 | D        | Found Naireu Klinu's Magic Scroll Shop.
    82 | D        | Found Otekiuw's Magic Scroll Shop.
   136 | D        | Noticed a water moccasin
   152 | D        | Killed a water moccasin
   152 | D        | Arena points: 12 (+12) [x2]
   152 | D        | Reached skill level 6 in Fighting
   152 | D        | Reached skill level 7 in Axes
   152 | D        | Gained mutation: You are partially covered in thin metallic scales (AC +2). [demonic ancestry]
   152 | D        | Reached XP level 2. HP: 7/28 MP: 2/2
   152 | D        | Reached XP level 3. HP: 8/34 MP: 3/3
   152 | D        | Reached XP level 4. HP: 9/40 MP: 4/4
   203 | D        | Round 2.
   244 | D        | Noticed Grinder
   267 | D        | Killed Grinder
   267 | D        | Reached skill level 8 in Fighting
   267 | D        | Reached skill level 10 in Axes
   267 | D        | Reached XP level 5. HP: 45/49 MP: 5/5
   267 | D        | Gained mutation: You are mostly covered in thin metallic scales (AC +3). [demonic ancestry]
   267 | D        | Reached XP level 6. HP: 51/56 MP: 6/6
   276 | D        | Noticed Eustachio
   304 | D        | Killed Eustachio
   304 | D        | Reached skill level 11 in Axes
   304 | D        | Acquired Trog's third power
   304 | D        | Arena points: 54 (+42) [x3]
   345 | D        | Round 3.
   364 | D        | Gained mutation: You sometimes gain a little power by taking damage. [demonic ancestry]
   364 | D        | Reached XP level 7. HP: 64/64 MP: 7/7
   444 | D        | Reached skill level 12 in Axes
   488 | D        | Arena points: 138 (+84) [x4]
   488 | D        | Reached skill level 10 in Fighting
   507 | D        | Bought a translucent amethyst amulet for 45 gold pieces
   507 | D        | Identified the amulet of Azuen {rMut rF+ rC- MP+9 Dex-3 SInv} (You bought it in a shop in the Dungeon)
   515 | D        | Bought a warped golden amulet for 45 gold pieces
   515 | D        | Identified the amulet "Ediezuq" {Stasis rElec} (You bought it in a shop in the Dungeon)
   525 | D        | Bought a faintly glowing ruby amulet for 45 gold pieces
   525 | D        | Identified the amulet of the Pure Dances {rN+ Regen+ Dex+2} (You bought it in a shop in the Dungeon)
   530 | D        | Bought a steaming ruby amulet for 45 gold pieces
   531 | D        | Identified the amulet "Funwy" {Spirit rPois rF++ Dex+4} (You bought it in a shop in the Dungeon)
   542 | D        | Round 4.
   544 | D        | Noticed a fire bat
   544 | D        | Noticed a fire bat
   544 | D        | Noticed a fire elemental
   550 | D        | Killed a fire bat
   565 | D        | Killed a fire elemental
   565 | D        | Reached skill level 13 in Axes
   565 | D        | Reached XP level 8. HP: 53/73 MP: 4/8
   567 | D        | Killed a fire bat
   570 | D        | Noticed a fire bat
   572 | D        | Noticed a fire bat
   583 | D        | Killed a fire bat
   584 | D        | Killed a fire bat
   608 | D        | Arena points: 258 (+120) [x5]
   623 | D        | Round 5.
   641 | D        | Noticed a naga warlord
   659 | D        | Killed a naga warlord
   659 | D        | Arena points: 538 (+280) [x7]
   659 | D        | Reached skill level 14 in Axes
   660 | D        | Got a distressingly furry cloak
   660 | D        | Got a serpentine rune of Zot
   671 | D        | Bought 3 royal jellies for 24 gold pieces
   671 | D        | Bought 3 royal jellies for 24 gold pieces
   671 | D        | Bought 3 royal jellies for 24 gold pieces
   671 | D        | Bought 3 royal jellies for 24 gold pieces
   671 | D        | Bought 3 royal jellies for 24 gold pieces
   688 | D        | Identified the +1 cloak of the Cockroach {rPois rC+ MP+9 Str+2 Int-2} (You found it in the Dungeon)
   688 | D        | Bought a steaming copper ring for 45 gold pieces
   688 | D        | Bought a smoking jade ring for 45 gold pieces
   688 | D        | Bought a shimmering bone ring for 45 gold pieces
   689 | D        | Identified the ring "Boockim" {rElec Str+4} (You bought it in a shop in the Dungeon)
   694 | D        | Identified the ring of Jealousy {rPois MP-9 Int+4 Dex+3} (You bought it in a shop in the Dungeon)
   698 | D        | Identified the ring of the Moon {+Fly MP+9} (You bought it in a shop in the Dungeon)
   703 | D        | Bought a flickering marble ring for 45 gold pieces
   703 | D        | Bought a transparent amber ring for 45 gold pieces
   703 | D        | Bought a translucent platinum ring for 45 gold pieces
   704 | D        | Identified the ring "Doekhoib" {+Blink rC+} (You bought it in a shop in the Dungeon)
   708 | D        | Identified the ring "Cruirchit" {+Blink rElec rPois rC- MR+ Stlth-} (You bought it in a shop in the Dungeon)
   712 | D        | Identified the ring of the Saviour {Fire rN+ Int+2 Stlth+} (You bought it in a shop in the Dungeon)
   717 | D        | Bought a scintillating bone ring for 45 gold pieces
   717 | D        | Bought a bound copper ring for 45 gold pieces
   718 | D        | Identified the ring of Insomnia {+Inv rC- EV+5 Dex+3 Stlth+} (You bought it in a shop in the Dungeon)
   722 | D        | Identified the ring of Etuakeit {Wiz MR+} (You bought it in a shop in the Dungeon)
   852 | D        | Round 6.
   855 | D        | Noticed a giant leech
   883 | D        | Killed a giant leech
   883 | D        | Reached skill level 15 in Axes
   883 | D        | Gained mutation: When hurt, damage is shared between your health and your magic reserves. [demonic ancestry]
   883 | D        | Reached XP level 9. HP: 33/82 MP: 9/9
   995 | D        | Arena points: 970 (+432) [x8]
  1038 | D        | Round 7.
  1193 | D        | Reached skill level 16 in Axes
  1223 | D        | Arena points: 1026 (+56) [x1]
  1234 | D        | Round 8.
  1269 | D        | Bought 10 potions of restore abilities for 350 gold pieces
  1284 | D        | Noticed a rust devil
  1292 | D        | Killed a rust devil
  1315 | D        | Reached XP level 10. HP: 46/92 MP: 10/10
  1373 | D        | Arena points: 1170 (+144) [x2]
  1435 | D        | Round 9.
  1435 | D        | Noticed a cyan ugly thing
  1446 | D        | Noticed a white ugly thing
  1447 | D        | Killed a cyan ugly thing
  1447 | D        | Reached skill level 5 in Armour
  1451 | D        | Gained mutation: Armour fits poorly on your strangely shaped body. [mutagenic meat]
  1455 | D        | Noticed a brown ugly thing
  1456 | D        | Noticed a purple ugly thing
  1460 | D        | Killed a purple ugly thing
  1460 | D        | Reached skill level 5 in Dodging
  1461 | D        | Killed a white ugly thing
  1466 | D        | Noticed a brown ugly thing
  1466 | D        | Killed a brown ugly thing
  1466 | D        | Received a gift from Trog
  1466 | D        | Reached skill level 17 in Axes
  1471 | D        | Noticed a purple ugly thing
  1473 | D        | Noticed a green ugly thing
  1473 | D        | Killed a brown ugly thing
  1475 | D        | Killed a purple ugly thing
  1479 | D        | Killed a green ugly thing
  1482 | D        | Gained mutation: Your mind is acute. (Int +2) [mutagenic meat]
  1483 | D        | Gained mutation: Your mind is very acute. (Int +4) [mutagenic meat]
  1487 | D        | Gained mutation: Your system is resistant to poisons. [mutagenic meat]
  1488 | D        | Gained mutation: Your flesh is cold resistant. [mutagenic meat]
  1489 | D        | Gained mutation: You can spit poison. [mutagenic meat]
  1507 | D        | Noticed a brown ugly thing
  1514 | D        | Noticed a brown ugly thing
  1515 | D        | Killed a brown ugly thing
  1522 | D        | Killed a brown ugly thing
  1522 | D        | Arena points: 1440 (+270) [x3]
  1527 | D        | Gained mutation: You expend magic power (3 MP) to slightly strengthen your wands. [mutagenic meat]
  1535 | D        | Round 10.
  1545 | D        | Noticed Ilsuiw
  1561 | D        | Noticed a manticore
  1561 | D        | Noticed a faun
  1563 | D        | Noticed a manticore
  1566 | D        | Gained mutation: You have a pair of small horns on your head. [demonic ancestry]
  1566 | D        | Reached XP level 11. HP: 88/100 MP: 5/11
  1573 | D        | Killed a manticore
  1574 | D        | Killed a faun
  1583 | D        | Killed a manticore
  1595 | D        | Killed Ilsuiw
  1595 | D        | Arena points: 1890 (+450) [x5]
  1595 | D        | Reached skill level 18 in Axes
  1595 | D        | Reached XP level 12. HP: 21/108 MP: 3/12
  1596 | D        | Got a barnacled rune of Zot
  1631 | D        | Bought a warped bronze ring for 45 gold pieces
  1634 | D        | Identified the ring "Asug Rutte" {Fire rN+} (You bought it in a shop in the Dungeon)
  1791 | D        | Round 11.
  1803 | D        | Bought a pair of scorched boots for 332 gold pieces
  1808 | D        | Identified the cursed -1 pair of boots of Day {Str+6} (You bought it in a shop in the Dungeon)
  1897 | D        | Received a gift from Trog
  1904 | D        | Arena points: 2550 (+660) [x6]
  1942 | D        | Bought a +0 gold dragon armour for 960 gold pieces
  1976 | D        | Round 12.
  1995 | D        | Reached skill level 15 in Fighting
  2084 | D        | Reached skill level 19 in Axes
  2113 | D        | Blown up by an orb spider

Action                   |  1- 3 |  4- 6 |  7- 9 | 10-12 || total
-------------------------+-------+-------+-------+-------++-------
Melee: Hand axe          |    12 |    36 |   192 |    29 ||   269
       Battleaxe         |       |       |       |    65 ||    65
Invok: Trog's Hand       |     1 |     5 |    10 |    11 ||    27
       Berserk           |     1 |     1 |     7 |     2 ||    11
       Brothers in Arms  |       |       |     6 |     9 ||    15
  Use: Potion            |       |     5 |     5 |     3 ||    13
 Stab: Distracted        |       |       |     1 |       ||     1
  Eat: Bread ration      |       |     1 |       |       ||     1
       Royal jelly       |       |       |     4 |     3 ||     7
       Chunk             |       |       |     1 |    11 ||    12
